Cogmind - Beta 15 @@@ ROGUE MODE // 2025.06.19 @ 18:06:32 Player: Peregrine Result: Destroyed by DX-BIN(j) with Overtuned Pulse Rifle Performance ------------- Evolutions (0) 0 Regions Visited (3) 600 Robots Destroyed (5) 25 Value Destroyed (189) 189 Prototype IDs (10) 200 Alien Tech Used (0) 0 Bonus (789) 789 TOTAL SCORE: 1803 Bonus ------- Registered with UFD 300 Met Optimus in HQ 500 Friendly Fire -11 Cogmind --------- Core Integrity 0/250 Matter 300/300 Energy 17/100 System Corruption 0% Temperature Cool (12) Movement Core (50) Location -7/Scraptown Parts ------- > --- POWER (1) -------- (None) > --- PROPULSION (2) --- (None) > --- UTILITY (2) ------ Advanced Signal Interpreter A0-MCA's Component Scanner > --- WEAPON (2) ------- (None) > --- INVENTORY (5) ---- Large Storage Unit Terrain Scanner Surveybot 17 Chip Surveybot 24 Chip Makeshift Hacking Suite Peak State ------------ > --- POWER ------------ Light Deuterium Engine > --- PROPULSION ------- Overtuned Treads Overtuned Treads > --- UTILITY ---------- Advanced Signal Interpreter A0-MCA's Component Scanner > --- WEAPON ----------- Gatling Laser Overtuned Barrage Gun > --- INVENTORY -------- Large Storage Unit Terrain Scanner Surveybot 17 Chip Surveybot 24 Chip Makeshift Hacking Suite [Rating: 32] Favorites ----------- Power Light Deuterium Engine Engine Light Deuterium Engine Propulsion Xenon Bombardment Thruster Treads Overtuned Treads Leg Aluminum Leg Hover Unit Improved Hover Unit Flight Unit Xenon Bombardment Thruster Utility Advanced Signal Interpreter Device Terrain Scanner Storage Small Storage Unit Processor Advanced Signal Interpreter Weapon Gatling Laser Energy Gun Gatling Laser Ballistic Gun Overtuned Barrage Gun Launcher Subdweller Shrapnel Launcher Build | -11 -10 -10 -7 ------- Run | Yrd Mat Sub Scr Slots Evolved . | . . . . Power . | . . . . Propulsion . | . . . . Utility . | . . . . Weapon . | . . . . Parts Attached 17 | . . . 17 Power 1 | . . . 1 Engine 1 | . . . 1 Core . | . . . . Reactor . | . . . . Propulsion 9 | . . . 9 Treads 2 | . . . 2 Leg 3 | . . . 3 Wheel . | . . . . Hover 2 | . . . 2 Flight 2 | . . . 2 Utility 3 | . . . 3 Device 1 | . . . 1 Storage . | . . . . Processor 2 | . . . 2 Hackware . | . . . . Protection . | . . . . Artifact . | . . . . Weapon 4 | . . . 4 Energy Gun 1 | . . . 1 Energy Cannon . | . . . . Ballistic Gun 2 | . . . 2 Ballistic Cannon . | . . . . Launcher 1 | . . . 1 Special Weapon . | . . . . Impact Weapon . | . . . . Slashing Weapon . | . . . . Piercing Weapon . | . . . . Special Melee Weapon . | . . . . Unidentified Prototypes . | . . . . Parts Lost 6 | . . . 6 Power 1 | . . . 1 Propulsion 2 | . . . 2 Utility . | . . . . Weapon 3 | . . . 3 Highest Loss Streak 6 | . . . 6 To Critical Strikes . | . . . . Average Backups 5 | 6 6 6 5 Power . | 1 1 1 . Propulsion 1 | 4 4 4 1 Utility 2 | . . . 2 Weapon . | 1 1 1 . Tool/Special . | . . . . Unused Backups 16 | . . . 16 Power 1 | . . . 1 Propulsion 6 | . . . 6 Utility 6 | . . . 6 Weapon 3 | . . . 3 Tool/Special . | . . . . Average Slot Usage (%) 97 | . 85 85 98 Engine 13 | . 14 14 13 Leg 6 | . 28 28 5 Hover 4 | . . . 4 Flight 16 | . . . 17 Device 1 | . . . 1 Storage 1 | . 14 14 . Processor 24 | . . . 25 Energy Gun 10 | . . . 11 Ballistic Gun 16 | . 28 28 16 Peak Build Rating 32 | 6 6 6 32 Average Rating 26 | 6 6 6 27 On Entrance 6 | 6 6 6 6 Naked Turns . | . . . . Heaviest Build 13 | 13 13 13 13 Greatest Support 38 | 20 20 20 38 Greatest Overweight (x) 1 | . . . 1 Average Overweight (x) . | . . . . Largest Inventory Capacity 8 | 8 8 8 8 Average Capacity 5 | 8 8 8 5 Most Carried 8 | 6 6 6 8 Average Carried 5 | 6 6 6 4 Final Capacity 8 | 8 8 8 5 Final Carried 6 | 6 6 6 5 Class Distribution -------------------- 74% | Derelict-Mutant 25% | Mutant Dominant Class ---------------- Mutant | -10/Materials Mutant | -10/Subcaves Derelict-Mutant | -7/Scraptown Resources | -11 -10 -10 -7 ----------- Run | Yrd Mat Sub Scr Matter Collected 441 | 200 . . 241 Remotely . | . . . . Salvage Created 275 | . . . 275 Parts 13 | . . . 13 Haulers Intercepted . | . . . . Recyclers Shooed . | . . . . Parts Field Recycled . | . . . . Retrieved Matter . | . . . . Parts Self-Destructed 4 | . . . 4 Prevented . | . . . . Kills | -11 -10 -10 -7 ------- Run | Yrd Mat Sub Scr Combat Hostiles Destroyed 5 | . . . 5 Guns 3 | . . . 3 AOE 2 | . . . 2 Classes Destroyed 3 | . . . 3 Bolteater 1 | . . . 1 Federalist 1 | . . . 1 Scrapper 3 | . . . 3 Best Kill Streak 3 | . . . 3 Combat Bots Only 3 | . . . 3 Max Kills in Single Turn 2 | . . . 2 Gunslinging . | . . . . Exploded 2 | . . . 2 Melee . | . . . . Uniques/NPCs Destroyed . | . . . . Combat | -11 -10 -10 -7 -------- Run | Yrd Mat Sub Scr Hostile Shots Fired 49 | . . . 49 Missed 9 | . . . 9 Hits 40 | . . . 40 Projectile 40 | . . . 40 Critical Strikes 5 | . . . 5 Damage Taken 872 | . . . 872 Core 270 | . . . 270 Absorbed by Shields . | . . . . Core Remaining (%) 100 | 100 . . . Volleys Fired 20 | . . . 20 Largest 2 | . . . 2 Hottest 120 | . . . 120 Shots Fired 26 | . . . 26 Gun 24 | . . . 24 Cannon . | . . . . Launcher 2 | . . . 2 Special . | . . . . Kinetic 6 | . . . 6 Thermal 20 | . . . 20 Explosive . | . . . . Electromagnetic . | . . . . Robot Hit Streak 8 | . . . 8 Robot Miss Streak 5 | . . . 5 Penetration Max . | . . . . Secondary Targets . | . . . . Shots Hit Robots 18 | . . . 18 Core Hits 12 | . . . 12 Critical Kills . | . . . . Critical Parts Destroyed . | . . . . Critical Strikes . | . . . . Melee Attacks . | . . . . Impact . | . . . . Slashing . | . . . . Piercing . | . . . . Sneak Attacks . | . . . . Combat Hostiles . | . . . . Follow-up Attacks . | . . . . Damage Inflicted 538 | . . . 538 Guns 319 | . . . 319 Cannons . | . . . . Explosions 219 | . . . 219 Melee . | . . . . Ramming . | . . . . Kinetic 239 | . . . 239 Thermal 299 | . . . 299 Explosive . | . . . . Electromagnetic . | . . . . Impact . | . . . . Slashing . | . . . . Piercing . | . . . . Highest Corruption . | . . . . Average Corruption . | . . . . Corruption Purged . | . . . . Corruption Blocked . | . . . . Overload Shots . | . . . . Overflow Damage 15 | . . . 15 Projectiles . | . . . . Explosions 15 | . . . 15 Melee . | . . . . Knockbacks . | . . . . Impact . | . . . . Kinetic . | . . . . Secondary . | . . . . Self-Inflicted Damage 101 | . . . 101 Shots 2 | . . . 2 Rammed . | . . . . Targets Rammed . | . . . . Kicked . | . . . . Crushed . | . . . . Highest Temperature 328 | . . . 328 Average Temperature 135 | . . . 135 Received Heat Transfer 563 | . . . 563 Effects 1 | . . . 1 Energy Bleed 1 | . . . 1 Siege Activations . | . . . . Martial Activations . | . . . . Shielding Activations . | . . . . Robots Disrupted . | . . . . Combat Hostiles . | . . . . Robots Corrupted . | . . . . Combat Hostiles . | . . . . Parts Fried . | . . . . Impact Corruptions . | . . . . Robots Melted . | . . . . Combat Hostiles . | . . . . Parts Melted 2 | . . . 2 Heat Transferred 560 | . . . 560 Parts Sabotaged . | . . . . Parts Stolen . | . . . . Parts Stripped . | . . . . Power Chain Reactions . | . . . . Alert | -11 -10 -10 -7 ------- Run | Yrd Mat Sub Scr Maximum Alert Level . | . . . . Low Security (%) 100 | 100 100 . . Level 1 . | . . . . Level 2 . | . . . . Level 3 . | . . . . Level 4 . | . . . . Level 5 . | . . . . High Security . | . . . . Max Security . | . . . . Peak Influence . | . . . . Initial . | . . . . Average . | . . . . Influence Increases . | . . . . Influence Decreases . | . . . . Squads Dispatched . | . . . . Investigation . | . . . . Extermination . | . . . . Reinforcement . | . . . . Assault . | . . . . Garrison . | . . . . Intercept . | . . . . Searches Triggered . | . . . . Construction Impeded . | . . . . Haulers Reinforced . | . . . . Active Scanning Responses . | . . . . Cargo Convoy Interrupts . | . . . . Stealth | -11 -10 -10 -7 --------- Run | Yrd Mat Sub Scr Distress Signals . | . . . . Communications Jammed . | . . . . Distress Signals . | . . . . Times Spotted 12 | . . . 12 Peak Tracking Total 4 | . . . 4 Tactical Retreats . | . . . . Traps | -11 -10 -10 -7 ------- Run | Yrd Mat Sub Scr Traps Triggered . | . . . . Indirectly . | . . . . Trap Hack Attempts . | . . . . Triggered . | . . . . Disarmed . | . . . . Reprogrammed . | . . . . Reused . | . . . . Traps Extracted . | . . . . Installed . | . . . . Triggered . | . . . . Machines | -11 -10 -10 -7 ---------- Run | Yrd Mat Sub Scr Machines Disabled 4 | . . . 4 Max in Single Turn 2 | . . . 2 Machines Repaired . | . . . . Machines Dismantled . | . . . . Machines Sabotaged . | . . . . Overloaded Fab Kills . | . . . . Hacking | -11 -10 -10 -7 --------- Run | Yrd Mat Sub Scr Machines Accessed 5 | . . . 5 Terminals . | . . . . Fabricators . | . . . . Repair Stations . | . . . . Recycling Units . | . . . . Scanalyzers . | . . . . Garrison Access . | . . . . Total Hacks 24 | . . . 24 Successful 24 | . . . 24 Failed . | . . . . Catastrophic . | . . . . Database Lockouts . | . . . . Manual 6 | . . . 6 Terminals . | . . . . Fabricators . | . . . . Repair Stations . | . . . . Recycling Units . | . . . . Scanalyzers . | . . . . Garrison Access . | . . . . Terminal Hacks 24 | . . . 24 Record 24 | . . . 24 Fabricator Hacks . | . . . . Repair Station Hacks . | . . . . Recycling Unit Hacks . | . . . . Scanalyzer . | . . . . Garrison Access Hacks . | . . . . Unauthorized Hacks . | . . . . Terminals . | . . . . Fabricators . | . . . . Repair Stations . | . . . . Recycling Units . | . . . . Scanalyzers . | . . . . Garrison Access . | . . . . Data Cores Recovered . | . . . . Used . | . . . . Hacking Detections . | . . . . Full Trace Events . | . . . . Feedback Events . | . . . . Feedback Blocked . | . . . . Robot Schematics Acquired . | . . . . Robots Built . | . . . . Authchips . | . . . . Time . | . . . . Total Robot Build Rating . | . . . . Part Schematics Acquired . | . . . . Parts Built . | . . . . Authchips . | . . . . Time . | . . . . Total Part Build Rating . | . . . . Parts Repaired . | . . . . Time . | . . . . Parts Recycled . | . . . . Recycled Matter . | . . . . Retrieved Matter . | . . . . Retrieved Components . | . . . . Parts Scanalyzed . | . . . . Part Schematics Acquired . | . . . . Parts Damaged . | . . . . Bothacking | -11 -10 -10 -7 ------------ Run | Yrd Mat Sub Scr Used RIF Installer . | . . . . Robots Hacked . | . . . . Non-combat . | . . . . Combat . | . . . . Robot Hacks Applied . | . . . . Relay Couplers Released . | . . . . Fabnet Peak Effective % . | . . . . Robots Rewired . | . . . . Allies Hacked . | . . . . Hacks Repelled . | . . . . Allies | -11 -10 -10 -7 -------- Run | Yrd Mat Sub Scr Total Allies . | . . . . Largest Group . | . . . . Highest-Rated Group . | . . . . Highest-Rated Ally . | . . . . Total Orders . | . . . . Ally Attacks . | . . . . Total Damage . | . . . . Kills . | . . . . Allies Corrupted . | . . . . Allies Melted 1 | . . . 1 Intel | -11 -10 -10 -7 ------- Run | Yrd Mat Sub Scr Active Infowar (turns) 231 | . . . 231 Terrain 231 | . . . 231 Robot Analysis Total . | . . . . Derelict Logs Recovered . | . . . . Drone Launches . | . . . . Drone Recoveries . | . . . . Exploration | -11 -10 -10 -7 ------------- Run | Yrd Mat Sub Scr Turns Passed 3095 | 5 84 39 2967 Spaces Moved 2034 | 5 39 30 1960 Core 20 | . . . 20 Treads 21 | . . . 21 Legs 517 | 5 39 30 443 Wheels . | . . . . Hover 717 | . . . 717 Flight 759 | . . . 759 Fastest Speed 50 | 120 120 120 50 Average Speed 118 | 120 120 120 117 Slowest Speed 140 | 120 120 120 140 Overloaded Moves . | . . . . Propulsion Burnouts . | . . . . Robots Hopped . | . . . . Potential Cave-ins . | . . . . Cave-ins Triggered . | . . . . Exploration Rate (%) 25 | 1 8 3 89 Regions Visited 3 Branch Regions 2 Pre-discovered Areas . | . . . . Known Exits Taken . | . . . . Unknown Exits Taken 3 | 1 1 1 . Scrap Searched 5 | . . . 5 Spaces Dug . | . . . . Terrain Destroyed 16 | . . . 16 Melee . | . . . . Projectile 1 | . . . 1 AOE 15 | . . . 15 Terrain Rammed . | . . . . Walls Destroyed . | . . . . Machines Disabled . | . . . . Actions | -11 -10 -10 -7 --------- Run | Yrd Mat Sub Scr Total 2704 | 4 76 33 2591 Wait 593 | . 38 4 551 Move 2031 | 4 38 29 1960 Hop . | . . . . Pick Up 13 | . . . 13 Fast Attach 11 | . . . 11 Attach 5 | . . . 5 Detach 3 | . . . 3 Swap 5 | . . . 5 Drop 23 | . . . 23 Fire 20 | . . . 20 Melee . | . . . . Ram . | . . . . Kick . | . . . . Crush . | . . . . Escape Stasis . | . . . . Rewire . | . . . . Trap . | . . . . Miscellaneous . | . . . . Route ------- -11/Scrapyard -10/Materials -10/Subcaves -7/Scraptown (discovered 1 exit: [*Fac]) History --------- Turn | Location | Event 1 | -11/Scrapyard | Discovered new exit (range 2) 6 | -11/Scrapyard | Entered Materials 74 | -10/Materials | Discovered new exit (range 4) 90 | -10/Materials | Entered Subcaves 91 | -10/Subcaves | Approached by a straggling Scientist 125 | -10/Subcaves | Scientist uncovered a shortcut to Scraptown 129 | -10/Subcaves | Entered Scraptown 305 | -7/Scraptown | Build established: Mutant 399 | -7/Scraptown | Visited UFD Registry 399 | -7/Scraptown | Registered with UFD as "Bulletroller" 424 | -7/Scraptown | Visited Chapter 10 463 | -7/Scraptown | Visited A0-MCA Data Center 471 | -7/Scraptown | Given an A rating by A0-MCA 477 | -7/Scraptown | Found A0-MCA's Component Scanner 504 | -7/Scraptown | Visited Curators Association 536 | -7/Scraptown | Visited LU-1G1's Boring Crew 596 | -7/Scraptown | Visited Scrap Suit Storage 683 | -7/Scraptown | Visited DA-N13 Charitable Foundation 689 | -7/Scraptown | Found DCF Scrap (29 items) 745 | -7/Scraptown | Visited Research Penetration Think Tank 779 | -7/Scraptown | Visited Abandonware Association 796 | -7/Scraptown | Learned abandonware demo "ERRANTS.EXE" 796 | -7/Scraptown | Learned abandonware demo "POISON.EXE" 860 | -7/Scraptown | Visited Cartography Club 882 | -7/Scraptown | Found Surveybot 17 Chip 991 | -7/Scraptown | Build established: Derelict-Mutant 1258 | -7/Scraptown | Visited Cave Peace 1272 | -7/Scraptown | Visited Comm Corps 1336 | -7/Scraptown | Visited CPS Storage 1583 | -7/Scraptown | Heard Great Nut preacher, LISTEN AND RECITE! 1885 | -7/Scraptown | Discovered new exit (range 3) 1968 | -7/Scraptown | Visited Shadow of the Wyrm 2004 | -7/Scraptown | Visited The Evicted 2063 | -7/Scraptown | Visited IN-MT5's Study 2534 | -7/Scraptown | Met Optimus 2534 | -7/Scraptown | Accepted into 0bPrime 2934 | -7/Scraptown | Civil war broke out across Scraptown 2945 | -7/Scraptown | Found Surveybot 24 Chip 2991 | -7/Scraptown | Lost 4 allies 3071 | -7/Scraptown | Core integrity fell below 50% 3092 | -7/Scraptown | Core integrity fell below 20% 3093 | -7/Scraptown | Optimus destroyed in the chaos of civil war 3096 | -7/Scraptown | Destroyed by DX-BIN(j) with Overtuned Pulse Rifle Last Messages --------------- 03064_ Enclosure breached. 03066_ Ovr. Treads destroyed. 03067_ Overheating: Energy bleed (-18). 03067_ Sub. Shrapnel Launcher destroyed. 03067_ Acquired 18 matter. 03071_ Acquired Bolt Gun. 03072_ Critical hit (Burn: +50). 03075_ Acquired Ovr. Titanium Leg. 03085_ DX-BIN(j): "Stop this nonsense!" 03091_ Dropped Ovr. Titanium Leg. 03092_ DX-BIN(j) heat spikes uncontrollably. 03092_ Dropped Ovr. Titanium Leg. 03093_ DX-BIN(j) heat damages Mak. Microdissipator Network. 03093_ Critical hit (Burn: +50). 03093_ ANNOUNCEMENT: The traitor Optimus has been dealt with. Put down any remaining collaborators. 03094_ Bolt Gun destroyed. 03095_ DX-BIN(j) heat damages Mak. Salvage Targeting Computer. 03095_ Acquired 37 matter. 03096_ RD-BNK: "RECYCLE. RECYCLE. RECYCLE." Map ----- +----------------------------------------------------+ | #######???????##### ########### ########### ##### | | #???????#"""" """"""""""" """"""""""" """"" | | #???????#" = | | #???????#" | | #???????#" | | #???????#" | | #????####" | | #???#"""" """""""""""""""""""""""""""" | | #???#"""" """""""""""""""""""""""""""" | | #???#"""" ""###### ################"" | | #???#"""" ""# ##????????#""= | | #???#"""" ""# X"#????????#""! | | ###?#"""" ""# "" "" ##????????#""= | | ""#"#"""" ""# "" "" X"#??????###""% | | """"#"""" ""# " " #########=#""[ | | ""#######" "" "" =%= !%=/%= | | ####????#" "" "" *[! !!%!!* | | #########" ""# " " ########"=#""! | | ""# "" "" ""#??????###""[ | | ""# "" "" ##????????#"!% | | ![""# X"#????????#""/ | | !==""# ##????????#""= | | * [!!=""###### ################"" | | !%!!%!! " """"""""""""""""""""""" | | !=![ !!=%= """""""""""" """"""""""" | | !%== !=*!%%!@%[ | | !*![ *!/%=!==!* | | [%=%!% ==*! | | #""""#"* = | | #?"??#" == jp /% | | #"???#"" "=!! " " """"" """""" " " "" | | ### ####?"??##;###%%;########## ######""" " ""# | | ??# #???? ???# =!%! ##" ## = % | | ??# #??????"?#" =%= ####""" """##" !% [ " | | ??# #???????##"" !=[ #?#"""" """## [ ! | | ??# #???????##""""%! #?#""" "!"##" * = " | | ??# #???????##""r"* #?#""" = """# " = | | ??# #????????#"""" #?#""" """### % " | | ?## #????????#"" #?#"""""""""#?##! " | | ??# #????????#"" #?#"""""""""#??#" "" | | ??# #????????# " ##?#"""""""""#?#" """ | | ??# ##???????#""""""""""##"""""""""#?###" "*" ## | | ??# #????????############??#########??# #"###"#? | | ### #?????????????????????????????????#####?###? | | """ #????####################################### | | """ #????# ##"""##"""##"""##"""##"""##"| | | "" #????# """"""" ## ""## ""##" "##"""##""|##" | | #????# """"""" | | " " #????# """"""" | | """ #????# """"""" !! = | +----------------------------------------------------+ Best States ------------- Heat Dissipation 25 Energy Generation 14 Energy Capacity 250 Matter Stores 300 Matter Capacity 300 Sight Range 16 Terrain Scan Range 14 Terrain Scan Density 10 Evasion (%) 55 Recoil Reduction 2 Item Schematics ----------------- None Robot Schematics ------------------ None Fabricated ------------ Nothing Repaired ---------- Nothing Alien Tech Used ----------------- None Achievements -------------- None Challenges ------------ None Game ------ Seed ResetFortressPenetrator Manual? 0 Play Time 00:37:02 Cumulative 115.3 hours Start 2025.06.19 @ 17:27:28 End 2025.06.19 @ 18:06:32 Sessions 1 Manual Loads 0 Difficulty Rogue Special Mode None Game No. 139 Rogue 124 Adventurer 15 Explorer 0 Win Type - Total 3 Types 2/0/1/0/0/0/0/0/0/0 Lore% 38 Gallery% 59 Achievement% 53 Wizard Run 0 Options --------- Layout 0 ASCII 0 Keyboard 0 Movement Mouse Keybinds 0 Fullscreen 2 Font 36/Smallcaps Map View 76x50 Zoom Use 0% Tactical HUD 1 Map Filters NONE Filters NONE Steam 1 RUN: bc9f8353-9823-4384-ba9e-fa81837f1da1